 Dungeon Crawl Stone Soup version 0.23.2-33-g5129a83184 (webtiles) character file.

Game seed: 17446456955400449248

44716 Exodus22XD the Severer (level 13, -1/175 (177) HPs)
             Began as a Minotaur Berserker on June 30, 2019.
             Was the Champion of Trog.
             Killed from afar by a tengu reaver (11 damage)
             ... with a bolt of poison
             ... on level 14 of the Dungeon.
             The game lasted 01:03:36 (13699 turns).

Exodus22XD the Severer (Minotaur Berserker)        Turns: 13699, Time: 01:03:36

HP:   -1/175 (177)  AC: 17    Str: 32    XL:     13   Next: 97%
MP:   0/3           EV: 12    Int:  6    God:    Trog [******]
Gold: 970           SH: 15    Dex: 10    Spells: 12/12 levels left

rFire    + . .     SeeInvis .   P - +5 broad axe (antimagic)
rCold    . . .     Gourm    .   G - +0 shield
rNeg     . . .     Faith    .   F - +0 plate armour
rPois    +         Spirit   .   (helmet restricted)
rElec    .         Reflect  .   h - +0 cloak
rCorr    .         Harm     .   (no gloves)
MR       .....                  (no boots)
Stlth    ..........             R - amulet of regeneration
HPRegen  0.79/turn              v - ring of poison resistance
MPRegen  0.08/turn              w - ring of protection from fire

@: berserking (expiring), lethally poisoned (-1 -> -13), very quick
A: retaliatory headbutt, horns 2, clever 1, low mp 1, wild magic 1
a: Berserk, Trog's Hand, Brothers in Arms, Renounce Religion


You were on level 14 of the Dungeon.
You worshipped Trog.
Trog was exalted by your worship.
You were hungry.

You visited 1 branch of the dungeon, and saw 14 of its levels.
You also visited: Ossuary.

You collected 970 gold pieces.

Inventory:

Hand Weapons
 a - a +3 battleaxe of flaming
 i - the +2 hand axe of Equilibrium {venom, Dex+5}
   (You found it on level 10 of the Dungeon)

   It poisons the flesh of those it strikes.
   It affects your dexterity (+5).
 x - a +2 antimagic flail
 y - a +2 flail of protection
 J - a +4 glaive of venom
 P - a +5 antimagic broad axe (weapon)
Armour
 h - a +0 cloak (worn)
 F - a +0 plate armour (worn)
 G - a +0 shield (worn)
Jewellery
 g - an uncursed ring of protection from cold
 v - a ring of poison resistance (left hand)
 w - a ring of protection from fire (right hand)
 C - an uncursed ring of positive energy
 E - an uncursed amulet of the acrobat
 R - an amulet of regeneration (around neck)
 S - an uncursed amulet of guardian spirit {unknown}
 V - an uncursed ring of flight {unknown}
Wands
 b - a wand of flame (58)
 j - a wand of paralysis (32)
 I - a wand of acid (8)
 L - a wand of scattershot (4)
 O - a wand of enslavement (10)
 T - a wand of digging (5)
Scrolls
 d - 7 scrolls of remove curse
 m - a scroll of blinking {unknown}
 q - 5 scrolls of teleportation
 r - 2 scrolls of magic mapping
 B - a scroll of amnesia {unknown}
 H - 2 scrolls of enchant armour
 K - 2 scrolls of immolation
 N - a scroll of brand weapon {unknown}
 Q - a scroll of vulnerability {unknown}
Potions
 e - 9 potions of heal wounds
 f - 4 potions of flight
 k - 3 potions of lignification
 l - 2 potions of might
 n - a potion of berserk rage
 p - 2 potions of mutation
 s - 4 potions of haste
 t - 9 potions of curing
 u - a potion of ambrosia
 z - a potion of agility {unknown}
 A - 2 potions of brilliance
 M - 2 potions of cancellation
Comestibles
 c - 4 rations
 o - 7 chunks of flesh


   Skills:
 + Level 12.0 Fighting
 + Level 16.9 Axes
 + Level 0.8(11.4) Maces & Flails
 * Level 13.7 Armour
 * Level 7.9 Dodging
 - Level 1.1 Stealth
 * Level 15.8 Shields


You had 12 spell levels left.
You didn't know any spells.
Your spell library was empty.

Dungeon Overview and Level Annotations

Branches:
Dungeon (14/15)            Temple (0/1) D:5            Lair (0/6) D:10
    Orc (0/2) D:9
 Vaults: D:13-14

Altars:
Dithmenos
Fedhas
Hepliaklqana
Nemelex Xobeh
Qazlal

Shops:
D:10 ![   D:11 }   D:13 (


Innate Abilities, Weirdness & Mutations

You reflexively headbutt those who attack you in melee.
You have a pair of horns on your head.
Your mind is acute. (Int +2)
Your magical capacity is low. (-10% MP)
Your spells are a little harder to cast, but a little more powerful.


Message History

You are too berserk!
You barely miss the tengu reaver.
The tengu reaver is heavily wounded.
You hit the deep troll earth mage.
The deep troll earth mage's magic leaks into the air.
You barely miss the centaur warrior.
The centaur warrior unwields a +0 shortbow.
You block the centaur warrior's attack. The eye of draining gazes at you.
Your plate armour prevents you from hitting the tengu reaver.
The tengu reaver is heavily wounded.
You slash the centaur! You hit the deep troll earth mage.
The deep troll earth mage's magic leaks into the air.
You completely miss the centaur warrior.
You feel sick. The tengu reaver casts a spell at you.
The bolt of poison hits you!
You are lethally poisoned!
You resist.
You die...

#....# ##........(..........#
#....# #.....((..รท.........##
#....# #..##################
#....## #..###################
#.....# #..........)........<#
#.....##
##.........)........##
#......#######################
#........##############
##....[...(((((@Qc.....
#............cTcG.....
##....................
###............*.....
###################


You could see a tengu reaver, a centaur warrior, a deep troll earth mage, a
yaktaur, an eye of draining, a centaur and a battlesphere.

Vanquished Creatures
  A sphinx (D:14)
  A fire giant (D:14)
  Josephine (D:11)
  A hydra (D:14)
  3 two-headed ogres
  3 centaur warriors
  A tengu warrior (D:14)
  4 skeletal warriors (D:14)
  A wizard (D:13)
  4 unseen horrors
  17 ugly things
  A wolf spider (D:14)
  A deep elf mage (D:14)
  A manticore (D:13)
  7 cyclopes
  A guardian serpent (shapeshifter) (D:13)
  Joseph (D:7)
  Psyche (D:11)
  4 gargoyles
  2 efreet
  4 trolls
  A hornet (D:14)
  Grinder (D:6)
  3 hippogriffs
  A meliai zombie (D:14)
  A shadow (D:14)
  A tarantella (shapeshifter) (D:13)
  A wyvern (D:8)
  23 yaks
  6 wraiths
  A steam dragon (D:14)
  4 hungry ghosts
  2 vampire mosquitoes (D:14)
  2 two-headed ogre zombies (D:9)
  Edmund (D:5)
  2 soldier ants
  An acid dragon (D:11)
  2 water moccasins
  5 porcupines (D:10)
  5 orc warriors
  3 ice beasts
  A meliai simulacrum (D:14)
  2 phantoms (D:9)
  6 sky beasts
  6 ogres
  An eye of draining (D:14)
  4 centaurs
  2 necrophages
  2 crocodiles
  Blork the orc (D:6)
  2 elf zombies (Ossuary)
  A big kobold (D:14)
  10 bullfrogs
  2 wyvern zombies
  A water moccasin zombie (D:7)
  A gnoll sergeant (D:10)
  3 wyvern skeletons
  3 scorpions
  2 troll zombies (D:9)
  4 killer bees (D:8)
  3 howler monkeys
  12 wights
  10 crimson imps
  7 centaur zombies
  2 bullfrog zombies
  7 orc priests
  3 bullfrog skeletons
  4 centaur skeletons
  4 human zombies (Ossuary)
  7 hounds
  4 jellies
  22 orc wizards
  4 iguanas
  12 worker ants
  2 killer bee zombies
  2 big kobold zombies (Ossuary)
  4 ogre zombies (D:9)
  2 hound zombies
  2 hound skeletons
  2 mummies (Ossuary)
  A howler monkey zombie (D:5)
  A worker ant zombie (D:10)
  7 gnolls
  16 adders
  4 shadow imps
  2 oozes (D:1)
  2 adder zombies
  2 adder skeletons
  A worm (D:3)
  3 dart slugs
  4 leopard geckos
  53 orcs
  5 giant cockroaches
  7 goblins
  10 hobgoblins
  11 jackals
  4 quokkas
  2 ball pythons
  10 bats
  4 frilled lizards
  A goblin skeleton (D:9)
  3 goblin zombies (D:9)
  A hobgoblin skeleton (D:9)
  13 hobgoblin zombies
  A jackal zombie (Ossuary)
  10 kobolds
  9 kobold zombies (Ossuary)
  6 orc skeletons (D:9)
  18 orc zombies
  3 quokka skeletons
  7 rats
  3 plants (D:10)
519 creatures vanquished.

Vanquished Creatures (others)
  A wight (D:13)
  31 fungi
  4 plants (D:10)
36 creatures vanquished.

Grand Total: 555 creatures vanquished

Notes
Turn   | Place    | Note
-------+----------+-------------------------------------------
     0 | D:1      | Exodus22XD the Minotaur Berserker began the quest for the
                  | Orb.
     0 | D:1      | Reached XP level 1. HP: 19/19 MP: 0/0
   148 | D:1      | Reached XP level 2. HP: 20/27 MP: 1/1
   153 | D:1      | Reached skill level 4 in Axes
   445 | D:1      | Reached XP level 3. HP: 33/33 MP: 2/2
   460 | D:1      | Reached ** piety under Trog
  1283 | D:2      | Reached XP level 4. HP: 38/41 MP: 3/3
  1310 | D:2      | Found a shadowy altar of Dithmenos.
  1349 | D:2      | Reached skill level 5 in Axes
  2341 | D:3      | Found a sparkling altar of Nemelex Xobeh.
  2834 | D:4      | Reached skill level 1 in Shields
  2834 | D:4      | Reached XP level 5. HP: 47/47 MP: 4/4
  2857 | D:4      | Reached *** piety under Trog
  2943 | D:4      | Noticed an ogre
  2948 | D:4      | Killed an ogre
  3008 | D:4      | Noticed an ogre
  3010 | D:4      | Reached XP level 6. HP: 48/55 MP: 5/5
  3014 | D:4      | Reached skill level 6 in Axes
  3684 | D:5      | Entered Level 5 of the Dungeon
  3685 | D:5      | Found a staircase to the Ecumenical Temple.
  3697 | D:5      | Reached skill level 5 in Fighting
  3802 | D:5      | Noticed Edmund
  3819 | D:5      | Killed Edmund
  3819 | D:5      | Reached XP level 7. HP: 61/61 MP: 3/6
  4125 | D:5      | Reached **** piety under Trog
  4125 | D:5      | Reached skill level 7 in Axes
  4236 | D:5      | Noticed an air elemental
  4238 | D:5      | Found a stormy altar of Qazlal.
  4239 | D:5      | Noticed a fire elemental
  4239 | D:5      | Noticed a water elemental
  4544 | D:6      | Reached skill level 5 in Armour
  4546 | D:6      | Reached skill level 5 in Shields
  4579 | D:6      | Noticed Blork the orc
  4590 | D:6      | Killed Blork the orc
  4590 | D:6      | Reached XP level 8. HP: 48/70 MP: 7/7
  4634 | D:6      | Found a sand-covered staircase.
  4643 | Ossuary  | Entered an ossuary
  4812 | Ossuary  | Reached ***** piety under Trog
  4812 | Ossuary  | Reached skill level 8 in Axes
  5014 | D:6      | Reached skill level 9 in Axes
  5295 | D:6      | Noticed Grinder
  5298 | D:6      | Paralysed by Grinder for 2 turns
  5309 | D:6      | Killed Grinder
  5309 | D:6      | Reached XP level 9. HP: 60/78 MP: 8/8
  5613 | D:6      | Found a blossoming altar of Fedhas.
  5839 | D:7      | Found a hazy altar of Hepliaklqana.
  5909 | D:7      | Noticed Joseph
  5926 | D:7      | Killed Joseph
  5926 | D:7      | Reached skill level 10 in Axes
  6625 | D:7      | Gained mutation: Your magical capacity is low. (-10% MP)
                  | [potion of mutation]
  6625 | D:7      | Gained mutation: Your mind is acute. (Int +2) [potion of
                  | mutation]
  6625 | D:7      | Gained mutation: Your spells are a little harder to cast,
                  | but a little more powerful. [potion of mutation]
  6691 | D:8      | Reached skill level 1 in Stealth
  6700 | D:8      | Found the +6 Majin-Bo {vamp, Archmagi MP+6 Int+6}
  6717 | D:8      | Received a gift from Trog
  6724 | D:8      | Reached skill level 10 in Shields
  7281 | D:8      | Reached XP level 10. HP: 74/85 MP: 8/8
  7456 | D:9      | Reached skill level 11 in Axes
  7635 | D:9      | Received a gift from Trog
  7919 | D:9      | Found a staircase to the Orcish Mines.
  8260 | D:10     | Entered Level 10 of the Dungeon
  8291 | D:10     | Found Looxaos's Distillery.
  8308 | D:10     | Reached skill level 12 in Axes
  8315 | D:10     | Found Caseleti's Antique Armour Emporium.
  8763 | D:10     | Found a staircase to the Lair.
  8792 | D:10     | Reached XP level 11. HP: 65/96 MP: 8/8
  9370 | D:11     | Noticed Psyche
  9381 | D:11     | Killed Psyche
  9463 | D:11     | Found Plog's Gadget Shoppe.
  9464 | D:11     | Noticed a two-headed ogre
  9474 | D:11     | Killed a two-headed ogre
  9474 | D:11     | Reached skill level 13 in Axes
  9474 | D:11     | Reached skill level 10 in Armour
  9503 | D:11     | Reached ****** piety under Trog
  9509 | D:11     | Noticed a green ugly thing
  9518 | D:11     | Killed a green ugly thing
  9616 | D:11     | Noticed Josephine
  9623 | D:11     | Killed Josephine
  9623 | D:11     | Reached skill level 14 in Axes
  9626 | D:11     | Reached skill level 10 in Fighting
  9664 | D:11     | Received a gift from Trog
 10021 | D:11     | Noticed a two-headed ogre
 10028 | D:11     | Killed a two-headed ogre
 10075 | D:11     | Killed an unseen horror
 10609 | D:12     | Reached XP level 12. HP: 105/105 MP: 9/9
 10968 | D:12     | Reached skill level 15 in Axes
 11224 | D:10     | Got an iridescent hand axe
 11232 | D:10     | Identified the cursed +2 hand axe of Equilibrium {venom,
                  | Dex+5} (You found it on level 10 of the Dungeon)
 11352 | D:13     | Noticed a centaur warrior
 11371 | D:13     | Killed a centaur warrior
 11371 | D:13     | Reached skill level 5 in Dodging
 11535 | D:13     | Noticed a centaur warrior
 11535 | D:13     | Noticed a stone giant
 11537 | D:13     | Noticed an ice dragon
 11648 | D:13     | Received a gift from Trog
 11746 | D:13     | Found Ybethru's Weapon Emporium.
 12419 | D:14     | Noticed a vault guard
 12538 | D:14     | Noticed a two-headed ogre
 12546 | D:14     | Killed a two-headed ogre
 12546 | D:14     | Reached XP level 13. HP: 115/115 MP: 3/10
 12595 | D:14     | Reached skill level 16 in Axes
 13340 | D:14     | Reached skill level 15 in Shields
 13514 | D:14     | Received a gift from Trog
 13680 | D:14     | Noticed a tengu reaver
 13681 | D:14     | Noticed a fire giant
 13681 | D:14     | Noticed a sphinx
 13691 | D:14     | Killed a sphinx
 13697 | D:14     | Killed a fire giant
 13699 | D:14     | Killed from afar by a tengu reaver

Skill      XL: |  1  2  3  4  5  6  7  8  9 10 11 12 13 |
---------------+----------------------------------------+-----
Axes           | 4 5 6 7 9 10 12 14 15 16 | 16.9
Fighting       | 4 5 6 7 9 10 11 12 | 12.0
Armour         | 3 4 5 6 7 9 11 12 13 | 13.7
Dodging        | 3 4 6 7 |  7.9
Shields        | 1 2 4 5 8 11 12 14 15 | 15.8
Stealth        | 1 |  1.1
Maces & Flails | |  0.8

Action                   |  1- 3 |  4- 6 |  7- 9 | 10-12 | 13-15 || total
-------------------------+-------+-------+-------+-------+-------++-------
Melee: Hand axe          |    60 |   122 |   408 |   244 |       ||   834
       Headbutt          |     7 |    31 |    79 |   116 |    39 ||   272
       Battleaxe         |       |       |       |   225 |       ||   225
       Glaive            |       |       |       |     1 |       ||     1
       Broad axe         |       |       |       |    86 |   189 ||   275
       Flail             |       |       |       |       |     7 ||     7
Invok: Berserk           |     1 |     3 |     4 |     7 |     3 ||    18
  Use: Scroll            |       |       |     9 |    10 |     3 ||    22
       Potion            |       |       |     1 |       |       ||     1
  Eat: Ration            |     1 |       |     3 |     2 |       ||     6
       Chunk             |       |     8 |     6 |    23 |     5 ||    42
Armor: Ring mail         |    25 |    48 |     1 |       |       ||    74
       Chain mail        |       |       |   142 |    24 |       ||   166
       Plate armour      |       |       |       |   259 |    70 ||   329
Dodge: Dodged            |    43 |    67 |   109 |   233 |    59 ||   511
Block: Buckler           |       |    17 |    98 |    52 |       ||   167
       Shield            |       |       |       |    96 |   128 ||   224
